 Dungeon Crawl Stone Soup version 0.24-a0-115-gd155597 (console) character file.

Game seed: 15081137859559907141

532 Duffy the Cleaver (level 7, -2/60 HPs)
             Began as a Naga Gladiator on Feb 16, 2019.
             Slain by a big kobold (7 damage)
             ... in a sewer.
             The game lasted 00:02:44 (1666 turns).

Duffy the Cleaver (Naga Gladiator)                  Turns: 1666, Time: 00:02:44

Health: -2/60      AC:  5    Str: 16    XL:     7   Next: 24%
Magic:  7/7        EV: 10    Int: 10    God:
Gold:   37         SH:  0    Dex: 13    Spells: 6/6 levels left

rFire    . . .     SeeInvis +   a - +0 war axe
rCold    . . .     Gourm    .   (no shield)
rNeg     . . .     Faith    .   b - +0 leather armour
rPois    +         Spirit   .   c - +0 helmet
rElec    .         Reflect  .   (no cloak)
rCorr    .         Harm     .   j - +0 pair of gloves
MR       .....                  (no barding)
Stlth    +.........             i - amulet of the acrobat
HPRegen  0.20/turn              (no ring)
MPRegen  0.10/turn              (no ring)

@: short of breath, very slow
A: large, see invisible, deformed body, poison resistance, slowness 2, slow
metabolism 1, spit poison 1, AC +2
a: Spit Poison


You were in a sewer.
You were not hungry.

You visited 1 branch of the dungeon, and saw 6 of its levels.
You also visited: Sewer.

You collected 37 gold pieces.

Inventory:

Hand Weapons
 a - a +0 war axe (weapon)
Missiles
 d - 3 throwing nets (quivered)
Armour
 b - a +0 leather armour (worn)
 c - a +0 helmet (worn)
 j - a +0 pair of gloves (worn)
Jewellery
 i - an amulet of the acrobat (around neck)
Wands
 n - a wand of acid (9)
 p - a wand of paralysis (9)
Scrolls
 g - a scroll of noise {unknown}
 k - a scroll of amnesia {unknown}
 l - 2 scrolls of blinking {unknown}
 o - a scroll of enchant weapon {unknown}
 q - a scroll of identify {unknown}
 r - 2 scrolls of fear {unknown}
Potions
 e - a potion of lignification {unknown}
 h - 4 potions of curing {unknown}
 m - 4 potions of brilliance {unknown}
 s - a potion of experience {unknown}
 t - a potion of heal wounds {unknown}
Comestibles
 f - 3 rations
 u - 2 chunks of flesh


   Skills:
 - Level 2.0 Fighting
 + Level 8.1 Axes
 - Level 1.7 Throwing
 - Level 2.4 Dodging


You had 6 spell levels left.
You didn't know any spells.
Your spell library was empty.

Dungeon Overview and Level Annotations

Branches:
Dungeon (6/15)
 Temple: D:4-7

Altars:
Elyvilon
Trog


Innate Abilities, Weirdness & Mutations

You cannot wear boots.
Your serpentine skin is tough. (AC +2)
You have supernaturally acute eyesight. (SInv)
Armour fits poorly on your strangely shaped body.
Your system is resistant to poisons. (rPois)
You cover ground very slowly.
You have a slow metabolism.
You can spit poison.


Message History

The big kobold barely misses you.
Press: ? - help, Shift-Dir - straight line, f - big kobold
Aim: a big kobold (moderately wounded)
The splash of poison hits the big kobold!
The big kobold is poisoned.
The big kobold is severely wounded.
You feel slightly more hungry.
The big kobold hits you with a +0 vampiric short sword.
The big kobold draws strength from your wounds!
The big kobold hits you.
You hit the big kobold but do no damage.
The big kobold is heavily wounded.
You barely miss the big kobold.
The big kobold hits you but does no damage.
The big kobold closely misses you. The big kobold completely misses you.
You closely miss the big kobold.
The big kobold is heavily wounded.
You hit the big kobold but do no damage.
The big kobold hits you!
You die...

###### ###### #....#
#....# #..\[# #.\..#
#.!!!# ###....#
#@K..#~~~#....#
###K'##~~~##)'##
#.()~~~~~~#~~..###
#..~~~#~~~#~~~...#
#...~~#~~~#~.~...##
#..~~P#~~~#.......#
#(.(..#~~~#P......#
#.....#~~~#~......#
##....#~~~#P~P....##


You could see 2 big kobolds.

Vanquished Creatures
  An ogre (D:4)
  A centaur (D:6)
  A big kobold (Sewer)
  A scorpion (D:5)
  A crimson imp (D:4)
  2 hounds (D:5)
  A worker ant (D:4)
  4 gnolls
  A river rat (D:6)
  3 adders
  An ooze (Sewer)
  3 leopard geckos
  An orc (D:4)
  3 ball pythons
  4 giant cockroaches
  3 goblins
  2 hobgoblins
  4 quokkas
  3 bats
  7 frilled lizards
  10 kobolds
  A leopard gecko skeleton (D:4)
  4 rats
62 creatures vanquished.

Notes
Turn   | Place    | Note
-------+----------+-------------------------------------------
     0 | D:1      | Duffy the Naga Gladiator began the quest for the Orb.
     0 | D:1      | Reached XP level 1. HP: 19/19 MP: 1/1
    53 | D:1      | Reached XP level 2. HP: 17/26 MP: 2/2
   338 | D:2      | Reached skill level 4 in Axes
   388 | D:2      | Found a white marble altar of Elyvilon.
   388 | D:2      | Found a bloodstained altar of Trog.
   390 | D:2      | Reached XP level 3. HP: 32/32 MP: 3/3
   487 | D:4      | Reached XP level 4. HP: 18/39 MP: 4/4
   522 | D:3      | Reached skill level 5 in Axes
   811 | D:4      | Noticed an ogre
   826 | D:4      | Reached XP level 5. HP: 28/45 MP: 5/5
   840 | D:4      | Killed an ogre
   840 | D:4      | Reached skill level 6 in Axes
   840 | D:4      | Reached XP level 6. HP: 31/52 MP: 6/6
  1005 | D:5      | Entered Level 5 of the Dungeon
  1079 | D:5      | Reached skill level 7 in Axes
  1290 | D:6      | Found a glowing drain.
  1296 | D:6      | Reached XP level 7. HP: 27/60 MP: 7/7
  1314 | Sewer    | Entered a sewer
  1645 | Sewer    | Reached skill level 8 in Axes
  1666 | Sewer    | Slain by a big kobold

Levels and vault maps discovered:
D:1:      sevenhm_arrival_forest_fort_small_4, layout_rooms
D:2:      layout_basic, gammafunk_temple_overflow_elements
D:3:      layout_rooms, serial_co_window_serial, co_window_cross_1,
          co_window_paths_a, co_window_corner_a, co_window_paths_b,
          co_window_of_opportunity_a, co_window_2corner,
          co_window_unsneaky_path_b, co_window_cross_4,
          co_window_of_opportunity_b, co_window_of_opportunity_c,
          co_window_corner_b, co_window_sun, co_window_4corner_a,
          glass_columns_b, glass_columns_a, serial_park_tiny_2
D:4:      layout_rooms, cheibriados_altar_1, vehumet_statue, first_ration
D:5:      layout_rooms, nicolae_gozag_zags_fifth_avenue
D:6:      hangedman_cross_stitches, layout_gridville, portal_sewer_entry_a,
          centaur_isle
Sewer:    kennysheep_pipe_town

Skill      XL: |  1  2  3  4  5  6  7 |
---------------+----------------------+-----
Axes           | 4 5 6 7 8 |  8.1
Fighting       | |  2.0
Throwing       | |  1.7
Dodging        | |  2.4

Action                   |  1- 3 |  4- 6 |  7- 9 || total
-------------------------+-------+-------+-------++-------
Melee: War axe           |    45 |    55 |    56 ||   156
Throw: Throwing net      |       |     1 |       ||     1
 Abil: Spit Poison       |     3 |    10 |     2 ||    15
Evoke: Wand              |       |     1 |     1 ||     2
 Stab: Sleeping          |     1 |       |       ||     1
  Eat: Chunk             |       |     1 |     1 ||     2
Armor: Leather armour    |    21 |    13 |    25 ||    59
Dodge: Dodged            |    43 |    44 |    50 ||   137

Table legend:
 A = Non-vault XP
 B = Vault XP
 C = Vault XP percentage of total XP
 D = Non-vault monster count
 E = Vault monster count
 F = Vault count percentage of total count
                 A         B        C        D         E       F
            +---------+---------+-------+---------+---------+-------
      Total |     613 |     148 |  19.4 |      43 |      19 |  30.6
            +---------+---------+-------+---------+---------+-------
        D:1 |      22 |       0 |   0.0 |      14 |       0 |   0.0
        D:2 |      12 |       0 |   0.0 |       6 |       0 |   0.0
        D:3 |      16 |       0 |   0.0 |       2 |       0 |   0.0
        D:4 |     290 |       0 |   0.0 |      15 |       0 |   0.0
        D:5 |     156 |       0 |   0.0 |       4 |       0 |   0.0
        D:6 |     117 |      32 |  21.5 |       2 |       5 |  71.4
      Sewer |       0 |     116 | 100.0 |       0 |      14 | 100.0
            +---------+---------+-------+---------+---------+-------
